Map: Blood Boil LE

Players

iaguz

  • Race: Terran Terran
  • Spawn Location: 5:00

uThermal - Winner!

  • Race: Terran Terran
  • Spawn Location: 11:00

Event: WCS Jonkoping 2017

VOD

Have the link to the VOD?

Description

Time

  • Played on: June 17, 2017, 1:52 p.m.
  • Length: 2:58

All games in this series

Show
View Real Time Build Order
Export as new Build Order

iaguz Terran 

Build Orders:  

Get SALT Encoding   

  12  0:00  Unknown, SCV  
  13  0:12  SCV  
  14  0:17  Supply Depot  
  14  0:25  SCV  
  15  0:29  Refinery  
  15  0:39  SCV  
  16  0:46  Barracks  
  16  0:51  SCV  
  17  1:03  SCV  
  18  1:07  Barracks  
  18  1:15  SCV  
  19  1:33  Orbital Command, Reaper  
  19  1:39  Supply Depot  
  20  1:54  Reaper  
  20  2:00  SCV  
  22  2:05  Reaper  
  23  2:12  SCV  
  24  2:18  Command Center  
  24  2:25  Refinery  
  24  2:28  SCV  
Show
View Real Time Build Order
Export as new Build Order

uThermal Terran - Winner!

Build Orders:  

Get SALT Encoding   

  12  0:00  Unknown  
  12  0:01  SCV  
  13  0:13  SCV  
  14  0:18  Supply Depot  
  14  0:25  SCV  
  15  0:40  SCV  
  16  0:46  Barracks  
  16  0:50  Refinery  
  16  1:02  Barracks  
  16  1:06  SCV  
  17  1:15  Refinery  
  17  1:18  SCV  
  19  1:33  Reaper  
  19  1:38  Orbital Command  
  19  1:49  Reaper  
  20  2:04  Supply Depot  
  20  2:05  SCV, Reaper  
  22  2:20  Factory  
  22  2:22  Reaper  
  23  2:25  SCV  
  24  2:37  SCV  
Tags
 
Add a new tag
Caveats
  • Supply blocks, unpowered buildings, or Contaminate may cause inaccurate times.
  • Supply counts are checked every 10 seconds.